 Dungeon Crawl Stone Soup version 0.28.0-45-g0d030f2227 (webtiles) character file.

Game seed: 8612895237379540674

7 ultragoat the Magician (level 1, -4/13 HPs)
             Began as a Demonspawn Hedge Wizard on Apr 15, 2022.
             Slain by a kobold
             ... wielding a +2 whip of electrocution
              (6 damage)
             ... on level 1 of the Dungeon.
             The game lasted 00:02:16 (397 turns).

ultragoat the Magician (Demonspawn Hedge Wizard)     Turns: 397, Time: 00:02:16

Health: -4/13      AC:  2    Str: 10    XL:     1   Next: 91%
Magic:  1/4        EV: 12    Int: 15    God:
Gold:   11         SH:  0    Dex: 12    Spells: 5/6 levels left

rFire   . . .      SeeInvis .   a - +0 dagger
rCold   . . .      Faith    .   (no shield)
rNeg    . . .      Spirit   .   b - +0 robe
rPois   .          Reflect  .   c - +0 hat
rElec   .          Harm     .   (no cloak)
rCorr   .          Rampage  .   (no gloves)
Will    .....                   (no boots)
Stlth   ++........              (no amulet)
HPRegen 0.04/turn               (no ring)
MPRegen 0.09/turn               (no ring)

@: brilliant, very slightly contaminated
A: no striking features
a: no special abilities


You were on level 1 of the Dungeon.
You visited 1 branch of the dungeon, and saw 1 of its levels.

You collected 11 gold pieces.

Inventory:

Hand Weapons
 a - a +0 dagger (weapon)
Armour
 b - a +0 robe (worn)
 c - a +0 hat (worn)


   Skills:
 + Level 1.9 Dodging
 + Level 1.9 Stealth
 + Level 3.0 Spellcasting
 + Level 1.1 Conjurations
 + Level 1.1 Summonings
 + Level 1.1 Translocations


You had 5 spell levels left.
You knew the following spells:

 Your Spells              Type           Power      Damage    Failure   Level
a - Magic Dart            Conj           32%        1d4       12%         1

Your spell library contained the following spells:

 Spells                   Type           Power      Damage    Failure   Level
 Blink                    Tloc           16%        N/A       19%         2
 Call Imp                 Summ           8%         N/A       19%         2
 Slow                     Hex            12%        N/A       21%         1
 Conjure Flame            Conj/Fire      6%         6-21      43%         3
 Mephitic Cloud           Conj/Pois/Air  5%         N/A       45%         3


Dungeon Overview and Level Annotations

Branches:
Dungeon (1/15)

Altars:


Message History

Aim: a hobgoblin (100% to hit)
You miscast Magic Dart.
Nothing appears to happen.
The hobgoblin misses you.
You hit the hobgoblin.
The hobgoblin is severely wounded.
The hobgoblin hits you.
You hit the hobgoblin but do no damage.
The hobgoblin is severely wounded.
The hobgoblin hits you but does no damage.
You hit the hobgoblin but do no damage.
The hobgoblin is severely wounded.
The hobgoblin hits you.
You hit the hobgoblin.
You kill the hobgoblin!
Casting: Magic Dart (safe; 12% risk of failure)
Confirm with . or Enter, or press ? or * to list all spells.
Aiming: Magic Dart (safe; 12% risk of failure)
Press: ? - help, Shift-Dir - straight line, f - kobold
Aim: a kobold, wielding a +2 whip of electrocution (100% to hit)
The magic dart hits the kobold but does no damage.
Casting: Magic Dart (safe; 12% risk of failure)
Confirm with . or Enter, or press ? or * to list all spells.
Aiming: Magic Dart (safe; 12% risk of failure)
Press: ? - help, Shift-Dir - straight line, f/p - kobold
Aim: a kobold, wielding a +2 whip of electrocution (100% to hit)
The magic dart hits the kobold.
The kobold is severely wounded.
The kobold hits you with a +2 whip of electrocution.
* * * LOW HITPOINT WARNING * * *
Casting: Magic Dart (safe; 12% risk of failure)
Confirm with . or Enter, or press ? or * to list all spells.
You don't have enough magic to cast this spell.
Casting: Magic Dart (safe; 12% risk of failure)
Confirm with . or Enter, or press ? or * to list all spells.
You don't have enough magic to cast this spell.
Unknown command.
You aren't carrying any scrolls.
It was a potion of brilliance.
You feel clever all of a sudden.
The kobold hits you with a +2 whip of electrocution.
You die...

.........##.## #.#
..........#.# #.#
..........#.# #.#
.#..........# #.#
####......#######.#######
.........................
..#.......#######.#######
..........#######.##########
########........@K...†.....#
♣♣♣♣♣♣♣..########.######....
.........# #.# # ♣♣♣♣♣♣♣..#
#.# ##.... ... ....... ...
##.........## #..####### ..#


You could see a kobold.

Vanquished Creatures
  2 endoplasms (D:1)
  2 hobgoblins (D:1)
  2 bats (D:1)
  A kobold (D:1)
7 creatures vanquished.

Notes
Turn   | Place    | Note
-------+----------+-------------------------------------------
     0 | D:1      | ultragoat the Demonspawn Hedge Wizard began the quest for
                  | the Orb.
     0 | D:1      | Reached XP level 1. HP: 13/13 MP: 4/4
    91 | D:1      | Reached skill level 1 in Translocations
   397 | D:1      | Slain by a kobold

Illustrated notes

Levels and vault maps discovered:
D:1:      eino_arrival_tree_alley, layout_rooms

Skill      XL: |  1 |
---------------+----+-----
Translocations | 1 |  1.1
Dodging        | |  1.9
Stealth        | |  1.9
Spellcasting   | |  3.0
Conjurations   | |  1.1
Summonings     | |  1.1

Action                   || total
-------------------------++-------
Melee: Dagger            ||    12
 Cast: Magic Dart        ||    10
  Use: Potion            ||     1
Armor: Robe              ||     5
Dodge: Dodged            ||    15
